 Dungeon Crawl Stone Soup version bcrawl-1.36.1 (webtiles) character file.

Game seed: 14602072899705359798

121857 Morbidden the Conjurer (level 5, 0/29 HPs)
             Began as a Vine Stalker Conjurer on Apr 30, 2022.
             Was a Follower of Vehumet.
             Slain by an orc wizard
             ... wielding a +0 dagger
              (1 damage)
             ... on level 4 of the Dungeon on May 15, 2022.
             The game lasted 00:04:18 (3310 turns).

Morbidden the Conjurer (Vine Stalker Conjurer)      Turns: 3310, Time: 00:04:18

Health: 0/29       AC:  2    Str: 10    XL:     5   Next: 51%
Magic:  8/10       EV: 13    Int: 16    God:    Vehumet [*.....]
Gold:   125        SH:  0    Dex: 15    Spells: 4/10 levels left

rFire    . . .     SeeInvis .   a - +1 dagger (protect)
rCold    . . .     Gourm    .   (no shield)
rNeg     . . .     Faith    .   n - +0 robe
rPois    .         Spirit   .   (no helmet)
rElec    .         Reflect  .   (no cloak)
rCorr    .                      (no gloves)
MR       .....                  (no boots)
Stlth    ++++......             (no amulet)
HPRegen  0.49/turn              l - ring of stealth
MPRegen  0.12/turn              (no ring)

@: lethally poisoned (0 -> 0)
A: fangs 2, regeneration 1, no potion heal 3, rot immunity, strong jaws
a: Renounce Religion


You were on level 4 of the Dungeon.
You worshipped Vehumet.
Vehumet was aware of your devotion.
You were hungry.

You visited 1 branch of the dungeon, and saw 4 of its levels.

You collected 125 gold pieces.

Inventory:

Hand Weapons
 a - a +1 dagger of protection (weapon)
Armour
 n - a +0 robe (worn)
Jewellery
 l - a ring of stealth (left hand)
Scrolls
 b - a scroll of magic mapping {unknown}
 d - 3 scrolls of teleportation {unknown}
 g - a scroll of remove curse {unknown}
 i - 5 scrolls of identify
 j - a scroll of enchant weapon {unknown}
 k - a scroll of immolation {unknown}
 q - a scroll of fog {unknown}
Potions
 f - 2 potions of brilliance {unknown}
 h - a potion of curing {unknown}
 m - a potion of haste {unknown}
 p - a potion of mutation {unknown}
 r - 2 potions of flight {unknown}
 s - a potion of might {unknown}
Comestibles
 e - 10 rations {!d}


   Skills:
 * Level 1.2 Fighting
 * Level 2.9 Dodging
 + Level 3.1 Stealth
 + Level 0.9 Unarmed Combat
 * Level 3.3 Spellcasting
 * Level 5.3 Conjurations


You had 4 spell levels left.
You knew the following spells:

 Your Spells              Type           Power        Failure   Level  Hunger
a - Magic Dart            Conj           ###.         1%          1    None
b - Searing Ray           Conj           ###.....     1%          2    #......
c - Iskenderun's Mystic   Conj           ###.....     1%          3    ####...

Your spell library contained the following spells:

 Spells                   Type           Power        Failure   Level  Hunger
 Shock                    Conj/Air       ##...        1%          1    None
 Fulminant Prism          Conj/Hex       ##........   16%         4    #####..
 Irradiate                Conj/Tmut      ##........   38%         5    ######.


Dungeon Overview and Level Annotations

Branches:
Dungeon (4/12)
 Temple: D:4-7

Altars:
Gozag
Kikubaaqudgha
Trog
Vehumet
Yredelemnul

Annotations:
D:3 Grinder


Innate Abilities, Weirdness & Mutations

You have extremely sharp teeth.
Your natural rate of healing is unusually fast.
Potions cannot restore your health.
You are immune to rotting.
Your bites deal extra damage.


Message History

Confirm with . or Enter, or press ? or * to list all spells.
Aiming: Searing Ray (safe; 1% risk of failure)
Press: ? - help, Shift-Dir - straight line, f - orc, p - orc wizard
Aim: an orc, wielding a +0 flail and quivering 37 poisoned tomahawks The searing ray hits the orc wizard.
The orc wizard is heavily wounded. (Press . to maintain the ray.)
The orc wizard points at you and mumbles some strange words.
The magic dart hits you!
* * * LOW HITPOINT WARNING * * *
No path to travel!
No path to travel!
No path to travel!
No path to travel!
The searing ray hits the orc wizard.
The orc wizard is almost dead.
* * * LOW HITPOINT WARNING * * *
You feel sick.
The orc wizard hits you with a +0 dagger.
You die...

.$.............#
.....).........#
...............#
........o......#
............Zo.#
.........####o##
.........# #o#
.........# #o#
###### #@#
#......#
########


You could see 2 orc wizards, 2 orcs and an adder skeleton.

Vanquished Creatures
  A howler monkey (D:3)
  An orc wizard (D:3)
  An adder (D:2)
  An ooze (D:3)
  An adder skeleton (D:2)
  2 worms (D:2)
  2 dart slugs
  4 leopard geckos
  9 orcs
  6 bats
  3 giant cockroaches
  5 goblins
  8 hobgoblins
  7 jackals
  A ball python (D:2)
  2 frilled lizards
  8 kobolds
  A quokka skeleton (D:3)
  6 rats
69 creatures vanquished.

Notes
Turn   | Place    | Note
-------+----------+-------------------------------------------
     0 | D:1      | Morbidden the Vine Stalker Conjurer began the quest for the
                  | Orb.
     0 | D:1      | Reached XP level 1. HP: 10/10 MP: 4/4
    67 | D:1      | Reached XP level 2. HP: 9/15 MP: 0/6
   599 | D:1      | Reached XP level 3. HP: 20/20 MP: 3/7
  1060 | D:1      | Learned a level 2 spell: Searing Ray
  1338 | D:2      | Found an opulent altar of Gozag.
  1578 | D:2      | Reached skill level 1 in Fighting
  1620 | D:2      | Reached XP level 4. HP: 25/25 MP: 0/8
  1806 | D:2      | Found a faded altar of an unknown god.
  1839 | D:2      | Found a bloodstained altar of Trog.
  1887 | D:2      | Found an ancient bone altar of Kikubaaqudgha.
  1893 | D:2      | Found a radiant altar of Vehumet.
  1896 | D:2      | Became a worshipper of Vehumet
  2237 | D:2      | Upgraded the game from bcrawl-1.36 to bcrawl-1.36.1
  2468 | D:3      | Reached skill level 5 in Conjurations
  2637 | D:3      | Noticed Grinder
  2668 | D:3      | Paralysed by Grinder for 2 turns
  2722 | D:3      | Learned a level 3 spell: Iskenderun's Mystic Blast
  2811 | D:3      | Reached * piety under Vehumet
  2811 | D:3      | Offered knowledge of Shock by Vehumet.
  2825 | D:3      | Reached XP level 5. HP: 20/29 MP: 2/10
  3238 | D:3      | Found a basalt altar of Yredelemnul.
  3309 | D:4      | HP: 1/29 [orc wizard/magic dart (7)]
  3310 | D:4      | Slain by an orc wizard

Skill      XL: |  1  2  3  4 |
---------------+-------------+-----
Fighting       | 1 |  1.2
Conjurations   | 5 |  5.3
Spellcasting   | 3 |  3.3
Dodging        | |  2.9
Stealth        | |  3.1
Unarmed Combat | |  0.9

Action                   |  1- 3 |  4- 6 || total
-------------------------+-------+-------++-------
Melee: Unarmed           |    37 |       ||    37
       Bite              |     4 |     1 ||     5
       Dagger            |       |    22 ||    22
 Cast: Magic Dart        |    89 |    71 ||   160
       Searing Ray       |     1 |     5 ||     6
       Iskenderun's Myst |       |     2 ||     2
  Use: Scroll            |     1 |       ||     1
       Potion            |       |     1 ||     1
 Stab: Distracted        |       |     1 ||     1
  Eat: Chunk             |     5 |     6 ||    11
Armor: Robe              |    14 |     5 ||    19
Dodge: Dodged            |    48 |    25 ||    73
